Map: Orbital Shipyard

Players

mAth - Winner!

  • Race: Zerg Zerg
  • League: Grandmaster

Miszu

  • Race: Terran Terran
  • League: Master

VOD

Have the link to the VOD?

Description

Time

  • Played on: March 6, 2016, 4:41 p.m.
  • Length: 8:46
Show
View Real Time Build Order
Export as new Build Order

mAth Zerg - Winner!

Build Orders: Hatch First 

Get SALT Encoding   

  12  0:00  Drone  
  13  0:12  Overlord  
  13  0:17  Drone  
  14  0:30  Drone x2  
  14  0:34  Drone  
  17  0:52  Hatchery  
  17  0:54  Drone  
  17  0:58  Drone  
  18  1:10  Extractor  
  17  1:14  Spawning Pool  
  17  1:16  Drone  
  17  1:21  Drone  
  18  1:31  Drone  
  19  1:39  Overlord  
  19  2:00  Queen  
  21  2:01  Zergling x4  
  21  2:03  Queen  
  21  2:05  Drone  
  26  2:11  Drone  
  26  2:12  Metabolic Boost  
  27  2:17  Drone  
  27  2:21  Drone  
  29  2:25  Drone  
  30  2:33  Overlord  
  30  2:36  Queen  
  32  2:43  Queen  
  34  2:45  Drone  
  34  2:49  Drone  
  36  2:51  Overlord  
  36  2:57  Drone x2  
  38  3:04  Drone  
  39  3:08  Drone  
  39  3:11  Drone x4  
  39  3:12  Drone  
  45  3:14  Zergling x2  
  45  3:18  Zergling x2  
  47  3:21  Zergling x2  
  48  3:39  Drone x2  
  50  3:41  Hatchery  
  50  3:43  Drone x2  
  50  3:46  Roach Warren  
  50  3:47  Extractor  
  49  3:48  Drone x2  
  49  3:49  Drone  
  52  3:58  Overlord x2  
  52  4:21  Spore Crawler x2  
  52  4:22  Drone  
  52  4:23  Drone x7  
  58  4:32  Overlord  
  58  4:34  Roach  
  60  4:52  Roach x3  
  66  4:54  Queen  
  66  4:56  Drone x3  
  66  4:59  Drone x3  
  74  5:00  Lair  
  74  5:01  Evolution Chamber  
  74  5:02  Extractor, Drone  
  74  5:03  Extractor, Drone, Evolution Chamber  
  72  5:13  Overlord x2  
  72  5:18  Drone x2  
  74  5:29  Overlord  
  74  5:30  Overlord  
  74  5:33  Drone x2  
  74  5:34  Drone x5  
  74  5:35  Zerg Missile Weapons Level 1, Zerg Ground Armor Level 1  
  81  5:42  Overlord x2, Drone  
  82  5:43  Drone x2  
  84  5:51  Drone  
  84  5:53  Roach x2  
  84  5:55  Ravager x3  
  92  6:00  Overlord  
  92  6:04  Glial Reconstitution  
  92  6:05  Extractor x2  
  92  6:07  Overseer  
  92  6:08  Hatchery  
  92  6:10  Drone x3  
  92  6:11  Drone x3  
  94  6:12  Drone  
  94  6:14  Overlord x2  
  94  6:15  Roach x2  
  99  6:22  Roach x3  
  99  6:24  Overseer  
  105  6:28  Roach  
  105  6:32  Roach x3  
  113  6:40  Overlord  
  113  6:42  Roach x2  
  113  6:43  Roach x4  
  113  6:46  Roach x2  
  129  6:51  Overlord  
  129  6:55  Roach x2  
  129  7:00  Overlord  
  133  7:01  Overlord  
  133  7:02  Overlord  
  133  7:03  Pneumatized Carapace  
  133  7:06  Drone  
  134  7:08  Infestation Pit  
  134  7:09  Drone x5  
  134  7:11  Drone  
  139  7:23  Roach x4  
  139  7:25  Ravager x3  
  139  7:27  Overlord, Ravager  
  139  7:28  Roach  
  153  7:33  Extractor, Queen  
  153  7:35  Extractor  
  153  7:43  Roach x3  
  153  7:44  Roach x7  
  165  8:02  Roach x5  
  165  8:03  Roach x4  
  179  8:18  Roach  
  179  8:19  Roach x7  
Show
View Real Time Build Order
Export as new Build Order

Miszu Terran 

Build Orders: Reaper Expand, MMM Bio 

Get SALT Encoding   

  12  0:01  SCV  
  13  0:13  SCV  
  14  0:18  Supply Depot  
  14  0:25  SCV  
  15  0:40  Barracks, SCV  
  16  0:43  Refinery  
  16  0:52  SCV  
  17  1:07  SCV  
  18  1:19  SCV  
  19  1:31  Orbital Command  
  19  1:34  Reaper  
  20  1:49  Command Center  
  20  1:53  Supply Depot  
  20  2:00  Refinery, SCV  
  21  2:12  Barracks Reactor, SCV  
  22  2:23  Factory  
  22  2:24  SCV  
  23  2:36  SCV  
  24  2:48  SCV  
  25  3:00  SCV, Orbital Command  
  26  3:07  Marine x2  
  26  3:11  Starport, Factory Tech Lab  
  26  3:12  SCV  
  29  3:24  SCV  
  29  3:26  SCV  
  31  3:28  Marine  
  31  3:29  Marine  
  31  3:32  Siege Tank  
  36  3:36  SCV  
  36  3:38  SCV  
  36  3:39  Supply Depot  
  37  3:49  SCV  
  37  3:50  SCV  
  39  3:58  Marine x2  
  39  4:01  SCV  
  39  4:02  Supply Depot, SCV  
  42  4:09  Command Center  
  43  4:13  SCV  
  43  4:15  SCV  
  45  4:21  Refinery  
  45  4:23  Refinery  
  45  4:25  Supply Depot, SCV  
  45  4:26  Marine  
  45  4:27  Marine, SCV  
  45  4:28  Starport Reactor  
  45  4:29  Siege Tank  
  52  4:37  SCV  
  53  4:39  SCV  
  54  4:46  Barracks x2  
  54  4:49  SCV  
  54  4:51  SCV  
  56  4:55  Marine x2  
  58  5:01  SCV  
  58  5:03  SCV  
  60  5:08  Siege Tank  
  60  5:13  SCV  
  64  5:15  SCV  
  64  5:16  Marine x2  
  64  5:17  Supply Depot  
  67  5:21  Orbital Command  
  67  5:25  SCV  
  67  5:27  SCV  
  69  5:31  Engineering Bay  
  69  5:33  Engineering Bay  
  69  5:35  Barracks Tech Lab x2  
  69  5:37  SCV  
  69  5:38  Marine x2  
  69  5:39  SCV  
  69  5:40  Medivac x2  
  78  5:50  SCV  
  78  5:51  SCV  
  78  5:54  Barracks  
  78  5:55  Stimpack, Combat Shields  
  78  5:56  Marine  
  78  5:57  Barracks, Orbital Command  
  80  5:58  Terran Infantry Weapons Level 1  
  80  5:59  Terran Infantry Armor Level 1  
  80  6:01  Supply Depot  
  80  6:02  SCV  
  80  6:03  SCV  
  82  6:05  Supply Depot  
  82  6:06  Marine x3  
  85  6:13  Marine  
  85  6:14  SCV  
  85  6:16  SCV, Armory  
  88  6:23  SCV  
  89  6:26  SCV  
  89  6:28  SCV  
  89  6:31  Medivac, Siege Tank  
  96  6:33  Medivac  
  96  6:35  SCV  
  96  6:38  SCV  
  100  6:40  SCV  
  100  6:41  Supply Depot  
  100  6:42  Supply Depot  
  100  6:43  Refinery  
  100  6:45  Barracks Reactor  
  100  6:46  Barracks Reactor, Refinery  
  101  6:47  SCV  
  101  6:50  SCV  
  101  6:51  Marine, Marauder  
  101  6:52  SCV  
  101  6:53  Marauder  
  109  7:03  Supply Depot x2, Marine  
  109  7:04  SCV x2  
  109  7:05  Supply Depot, SCV  
  113  7:13  Marine, Marauder  
  113  7:14  Medivac, Marauder  
  120  7:16  SCV  
  120  7:17  SCV x2  
  120  7:21  Marine  
  124  7:27  Supply Depot  
  124  7:28  Supply Depot, Marine  
  124  7:29  Supply Depot, Marine  
  126  7:33  Siege Tank  
  126  7:34  Marauder  
  126  7:35  Marauder  
  124  7:50  Marine  
  122  7:55  Marauder  
  112  8:00  Marine  
  112  8:01  Marine x4, Marauder  
  112  8:05  Siege Tank  
  117  8:08  Marine  
  118  8:17  Marauder  
  118  8:18  Marine  
  109  8:22  Marauder  
Tags
 
Add a new tag
Caveats
  • Supply blocks, unpowered buildings, or Contaminate may cause inaccurate times.
  • Supply counts are checked every 10 seconds.